 Dungeon Crawl Stone Soup version 0.22-a0-558-gc224181 (webtiles) character file.

37 inc the Skirmisher (level 3, 0/40 HPs)
             Began as an Ogre Arcane Marksman on June 27, 2018.
             Slain by an adder (4 damage)
             ... on level 1 of the Dungeon.
             The game lasted 00:01:54 (1310 turns).

inc the Skirmisher (Ogre Arcane Marksman)           Turns: 1310, Time: 00:01:55

Health: 0/40       AC:  3    Str: 13 (14) XL:     3   Next: 41%
Magic:  4/4        EV: 10    Int: 13 (15) God:
Gold:   47         SH:  0    Dex:  8 (9)  Spells: 3/4 levels left

rFire    . . .     SeeInvis .   i - +2 dagger (pain)
rCold    . . .     Gourm    .   (no shield)
rNeg     . . .     Faith    .   a - +0 robe
rPois    .         Spirit   .   (helmet restricted)
rElec    .         Reflect  .   (no cloak)
rCorr    .         Harm     .   (gloves unavailable)
MR       .....                  (boots unavailable)
Stlth    +.........             (no amulet)
HPRegen  0.13/turn              (no ring)
MPRegen  0.09/turn              (no ring)

@: lethally poisoned (0 -> -2)
A: large, unfitting armour, tough skin 1
a: no special abilities


You were on level 1 of the Dungeon.
You were not hungry.

You visited 1 branch of the dungeon, and saw 2 of its levels.

You collected 47 gold pieces.

Inventory:

Hand Weapons
 b - a +0 hand axe
 i - a +2 dagger of pain (weapon)
 k - a +0 short sword
 l - a -3 short sword
Missiles
 d - 2 throwing nets (quivered)
 e - 5 javelins
Armour
 a - a +0 robe (worn)
Comestibles
 f - a ration


   Skills:
 + Level 4.3 Fighting
 - Level 2.0 Throwing
 - Level 1.7 Dodging
 - Level 1.2 Spellcasting
 - Level 2.6 Hexes


You had 3 spell levels left.
You knew the following spells:

 Your Spells              Type           Power        Failure   Level  Hunger
a - Corona                Hex            #......      10%         1    ##.....

Your spell library contained the following spells:

 Spells                   Type           Power        Failure   Level  Hunger
 Cause Fear               Hex            #.........   67%         4    #####..
 Slow                     Hex            #.......     14%         2    ###....
 Portal Projectile        Hex/Tloc       #.....       43%         3    ####...
 Leda's Liquefaction      Hex/Erth       #.........   85%         4    #####..
 Inner Flame              Hex/Fire       #.......     43%         3    ####...


Dungeon Overview and Level Annotations

Branches:
Dungeon (2/15)

Altars:


Innate Abilities, Weirdness & Mutations

You are too large for most types of armour.
You have tough skin. (AC +1)


Message History

Press: ? - help, Shift-Dir - straight line, f/p - adder
Aim: an adder (moderately wounded)
You throw a large rock. The large rock hits the adder.
The adder is severely wounded.
You feel sick. The adder bites you.
* * * LOW HITPOINT WARNING * * *
The adder misses you.
Unknown command.
It was a potion of magic.
Magic courses through your body. The adder bites you.
* * * LOW HITPOINT WARNING * * *
The adder closely misses you.
It was a potion of degeneration.
There was something very wrong with that liquid.
You feel weakened.
You feel dopey.
You feel clumsy.
You feel sick. The adder bites you.
* * * LOW HITPOINT WARNING * * *
You hit the adder.
The adder is severely wounded.
The adder bites you.
You die...

#.#.####.#........###.........#
#.#.# #........(.+...........###
#.#.# ###........###............
#.#.########+#.#.#...).....#+####
.....................####....#
.............)........# #....#
#####...#######.K.>...# #....####
....#...#.....##S#....# #...(##..
.>..'...'.....##@###..###....##..
....##.##.....##.............##..
#'####.####'####.####...#....##..
...##...##.....#........##.#.....
...##...##..............##.####..
#'####.####'###............# #..
....##.##.....###.....#..### ##.
....'...+..<..# #######..## #..
....#...#.....# ##..#####..


You could see an adder and a kobold.

Vanquished Creatures
  2 oozes (D:1)
  A dart slug (D:1)
  3 leopard geckos (D:1)
  3 bats (D:1)
  A giant cockroach (D:1)
  3 goblins (D:1)
  3 hobgoblins (D:1)
  3 kobolds (D:1)
  A frilled lizard (D:1)
  2 rats (D:1)
22 creatures vanquished.

Notes
Turn   | Place    | Note
-------+----------+-------------------------------------------
     0 | D:1      | inc the Ogre Arcane Marksman began the quest for the Orb.
     0 | D:1      | Reached XP level 1. HP: 19/19 MP: 2/2
    50 | D:1      | Reached skill level 2 in Fighting
    91 | D:1      | Reached XP level 2. HP: 14/29 MP: 3/3
   201 | D:1      | Reached skill level 3 in Fighting
   683 | D:1      | Reached XP level 3. HP: 39/39 MP: 4/4
   684 | D:1      | Reached skill level 4 in Fighting
  1310 | D:1      | Slain by an adder

Vault maps used:
D:1:      dpeg_arrival_houses_and_road, skrybe_limestone_x
D:2:      first_ration, uniq_crazy_yiuf_cottage

Skill      XL: |  1  2  3 |
---------------+----------+-----
Fighting       | 2 3 4 |  4.3
Throwing       | |  2.0
Dodging        | |  1.7
Spellcasting   | |  1.2
Hexes          | |  2.6

Action                   || total
-------------------------++-------
Melee: Hand axe          ||    30
       Dagger            ||    14
       Short sword       ||    44
Throw: Large rock        ||     7
  Use: Scroll            ||     3
       Potion            ||     2
 Stab: Sleeping          ||     1
  Eat: Chunk             ||     1
Armor: Robe              ||    52
Dodge: Dodged            ||    66

Table legend:
 A = Spawn XP
 B = Non-spawn XP
 C = Spawn XP percentage of total XP
 D = Spawn monster count
 E = Non-spawn monster count
 F = Spawn count percentage of total count
 G = Total turns spent on level
                    A         B        C        D         E        F      G
               +---------+---------+-------+---------+---------+-------+---------
         Total |       0 |      54 |   0.0 |       0 |      22 |   0.0 |  1310
               +---------+---------+-------+---------+---------+-------+---------
           D:1 |       0 |      54 |   0.0 |       0 |      22 |   0.0 |  1306
               +---------+---------+-------+---------+---------+-------+---------
